 Dungeon Crawl Stone Soup version 0.29-a0-887-gcbe080d7e0 (webtiles) character file.

Game seed: 9287033054880449380

3 Spectrina the Magician (level 1, 0/17 HPs)
             Began as a Djinni Arcane Marksman on July 22, 2022.
             Slain by a ball python (2 damage)
             ... on level 1 of the Dungeon.
             The game lasted 00:01:23 (74 turns).

Spectrina the Magician (Djinni Arcane Marksman)       Turns: 74, Time: 00:01:23

Health: 0/17       AC:  2    Str:  9    XL:     1   Next: 55%
Gold:   7          EV:  9    Int: 14    God:
                   SH:  0    Dex: 13

rFire   + + .      SeeInvis .   a - +0 sling
rCold   x . .      Faith    .   (no shield)
rNeg    . . .      Spirit   .   c - +0 robe
rPois   ∞          Reflect  .   (no helmet)
rElec   .          Harm     .   (no cloak)
rCorr   .          Rampage  .   (no gloves)
Will    .....                   (boots unavailable)
Stlth   +.........              (no amulet)
HPRegen 0.05/turn               (no ring)
MPRegen 0.00/turn               (no ring)

@: flying, constricted
A: sickness immunity, fire resistance 2, cold vulnerability 1, float, innate
caster, HP casting, extra vitality 1
a: no special abilities


You were on level 1 of the Dungeon.
You visited 1 branch of the dungeon, and saw 2 of its levels.

You collected 7 gold pieces.

Inventory:

Hand Weapons
 a - a +0 sling (weapon)
Armour
 c - a +0 robe (worn)
Scrolls
 b - a scroll of vulnerability


   Skills:
 - Level 1.0 Fighting
 - Level 1.5 Ranged Weapons
 - Level 2.1 Dodging
 + Level 2.6 Spellcasting


You couldn't memorise any spells.
You knew the following spells:

 Your Spells              Type           Power      Damage    Failure   Level
a - Slow                  Hex            36%        N/A       8%          1
b - Inner Flame           Hex/Fire       9%         N/A       22%         3
c - Portal Projectile     Hex/Tloc       18%        N/A       22%         3
d - Cause Fear            Hex            4%         N/A       58%         4
Your spell library was empty.

Dungeon Overview and Level Annotations

Branches:
Dungeon (2/15)

Altars:


Innate Abilities, Weirdness & Mutations

You are immune to sickness and miasma.
You are immune to poison.
Your flesh is very heat resistant. (rF++)
You are vulnerable to cold. (rC-)
You float through the air rather than walking.
You learn spells naturally, not from books.
Your magical power is your life essence.
You have superior vitality. (+4 MHP)


Message History

Press: ? - help, Q - select action, (/) - cycle Shift-Dir - straight line, p - ball python You shoot a sling bullet.
The sling bullet barely misses the ball python.
The sling bullet hits the hobgoblin but does no damage.
The hobgoblin is severely wounded.
The ball python completely misses you. The ball python constricts you.
Unknown command.
The ball python's grasp on you weakens, but your attempt to escape fails.
The ball python bites you. The ball python constricts you.
An endoplasm comes into view.
The hobgoblin completely misses you.
The ball python bites you but does no damage.
The ball python constricts you.
You escape the ball python's grasp.
The hobgoblin barely misses you.
You fly upwards.
There is a stone staircase leading down here.
Unknown command.
Fire: a) +0 sling
Press: ? - help, Q - select action, (/) - cycle Shift-Dir - straight line, f - hobgoblin
Aim: a hobgoblin (heavily wounded, 52% to hit)
You shoot a sling bullet.
The sling bullet barely misses the hobgoblin.
The ball python bites you. The ball python grabs you.
The ball python constricts you. The hobgoblin hits you.
The ball python bites you.
* * * LOW HITPOINT WARNING * * *
The ball python constricts you. The hobgoblin hits you.
* * * LOW HITPOINT WARNING * * *
Unknown command.
Unknown command.
Unknown command.
Unknown command.
Fire: a) +0 sling
Press: ? - help, Q - select action, (/) - cycle Shift-Dir - straight line, f/p - hobgoblin
Aim: a hobgoblin (heavily wounded, 52% to hit)
You shoot a sling bullet. The sling bullet hits the hobgoblin.
You kill the hobgoblin!
The ball python barely misses you. The ball python constricts you.
The ball python bites you.
You die...

.# #.#
.##########.#
............#
..........#.#
..........#.#
........###.#
.......## #.#
..≈§≈..####.######
.≈≈≈§§.#........@#
.≈≈(§≈.#.##.####S#
.≈≈>≈§.# #.# #.#
.≈≈§≈§.# #.# #.#
.≈≈§§≈.# #.# #.#
..≈≈§..# #.# #.#
.......# #.# #.#
.......# #. ..#
......(#


You could see a ball python.

Vanquished Creatures
  A goblin (D:2)
  A hobgoblin (D:1)
  A quokka (D:1)
  A ball python (D:2)
4 creatures vanquished.

Notes
Turn   | Place    | Note
-------+----------+-------------------------------------------
     0 | D:1      | Spectrina the Djinni Arcane Marksman began the quest for
                  | the Orb.
     0 | D:1      | Spectrina set off with the following spells memorised:
                  | Slow, Inner Flame, Portal Projectile, Cause Fear.
     0 | D:1      | Reached XP level 1. HP: 17/17 MP: 0/0
    74 | D:1      | Slain by a ball python

Illustrated notes

Levels and vault maps discovered:
D:1:      lemuel_arrival_lava_pool, layout_basic, st_stairs_13,
          dreamdust_wishing_well, serial_bayou_crossing
D:2:      layout_rooms, chequers_ecumenical_altar_island, uniq_robin

Action                   || total
-------------------------++-------
 Fire: Sling             ||    20
Armor: Robe              ||     3
Dodge: Dodged            ||    10

Table legend: (Time is in decaauts)
 A = Elapsed time spent in this place.
 B = Non-inter-level travel time spent in this place.
 C = Inter-level travel time spent in this place.
 D = Time resting spent in this place.
 E = Time spent auto-exploring this place.
 F = Levels seen in this place.
 G = Mean time per level.
                   A        B        C        D        E       F      G
               +--------+--------+--------+--------+--------+-----+--------+
         Total |     80 |     80 |      0 |      0 |      0 |   2 |   40.0 |
       Dungeon |     80 |     80 |      0 |      0 |      0 |   2 |   40.0 |
               +--------+--------+--------+--------+--------+-----+--------+

Top non-repeatable levels by time:
     D:1: 66 daAuts
     D:2: 14 daAuts
